 Dungeon Crawl Stone Soup version 0.16-a0-747-geaeaf20 (webtiles) character file.

386 M4edhros the Charlatan (level 6, -14/38 HPs)
             Began as an Octopode Artificer on Sept 23, 2014.
             Demolished by an ogre
             ... wielding a +0 giant club
              (16 damage)
             ... on Level 5 of the Dungeon.
             The game lasted 00:07:48 (2447 turns).

M4edhros the Charlatan (Octopode Artificer)         Turns: 2447, Time: 00:07:48

HP -14/38        AC  1     Str 10      XL: 6   Next: 78%
MP  12/12        EV 14     Int 17      God:
Gold 68          SH  0     Dex 12      Spells:  0 memorised,  5 levels left

rFire  . . .     SeeInvis .     m - +4 short sword
rCold  . . .     Clarity  .     (no shield)
rNeg   . . .     rCorr    .     (helmet restricted)
rPois  .         rRot     .     (no amulet)
rElec  .         Spirit   .     (no ring)
SustAb .         Warding  .     (no ring)
rMut   .         Stasis   .     (no ring)
Gourm  .                        (no ring)
MR     .....                    (no ring)
                                (no ring)
                                (no ring)
                                (no ring)

@: not resistant to hostile enchantments, stealthy
A: almost no armour, amphibious, 8 rings, constrict 8, camouflage 1, gelatinous
body 1
a: no special abilities


You were on level 5 of the Dungeon.
You were not hungry.

You visited 1 branch of the dungeon, and saw 5 of its levels.

You collected 68 gold pieces.

Inventory:

Hand weapons
 k - a +0 spear
 m - a +4 short sword (weapon)
 n - a +0 trident
 p - a +4 whip
Missiles
 e - 42 stones (quivered)
 g - 19 sling bullets
Magical devices
 b - a wand of flame (7)
 c - a wand of enslavement (12)
 d - a wand of random effects (7)
Comestibles
 f - a bread ration
 h - a slice of pizza
 q - 2 rotting chunks of orc flesh
 t - a beef jerky
Scrolls
 a - a scroll of remove curse {unknown}
 i - 2 scrolls of identify {unknown}
 l - 3 scrolls of fear {unknown}
 o - a scroll of recharging {unknown}
 r - a scroll of enchant armour {unknown}
 s - a scroll of random uselessness {unknown}
Potions
 j - a potion of poison


   Skills:
 - Level 1.0 Fighting
 - Level 1.0 Short Blades
 + Level 5.0 Dodging
 - Level 1.3 Stealth
 + Level 6.6 Evocations


You had 5 spell levels left.
You didn't know any spells.

Dungeon Overview and Level Annotations

Branches:
Dungeon (5/15)
 Temple: D:4-7

Altars:
Ashenzari
Dithmenos
Kikubaaqudgha
Sif Muna
Trog
Xom
Zin
The Shining One


Innate Abilities, Weirdness & Mutations

You cannot wear most types of armour.
You are amphibious.
You can wear up to eight rings at the same time.
You can use your tentacles to constrict many enemies at once.
Your skin changes colour to match your surroundings (Stealth).
Your rubbery body absorbs attacks (AC +1).


Message History

The black bear zombie bites you.
The black bear zombie splashes around in the water.
The black bear zombie barely misses you.
You hit the black bear zombie. You constrict the black bear zombie.
The gnoll shouts!
You hear a shout!
You slash the black bear zombie! You squeeze the black bear zombie.
You constrict the black bear zombie.
You destroy the black bear zombie!
Your Dodging skill increases to level 5!
A shadow imp comes into view.
A ball python and a jackal come into view.
The ball python moves out of view.
Something hits you!
* * * LOW HITPOINT WARNING * * *
Drink which item? (? for menu, Esc to quit)
Okay, then.
Read which item? (? for menu, Esc to quit)
Okay, then.
Something hits you!
You die...

...... .. .......###.
..5 ........#. .....
......... .....S..
.........# .........
.........#####.......
h............P.#....
≈≈≈≈≈≈≈≈≈≈{≈≈≈#...
≈≈≈≈≈≈≈≈≈≈≈@≈≈#{.#
≈≈≈≈≈≈≈#####≈≈#).##
......#g.g#≈≈#<..#.##.
######...#≈≈..........
#+###≈≈.#..#.###
#.≈≈≈##....# #.≈≈≈#
.#..# #.≈≈≈. ##..#
#.≈≈≈. .#


You could see a gnoll, a shadow imp (wandering) and a ball python (wandering).

Vanquished Creatures
  An ogre (D:4)
  A water moccasin skeleton (D:4)
  An orc priest (D:3)
  A hound (D:4)
  A black bear zombie (D:5)
  2 orc wizards (D:4)
  3 adders
  A giant mite (D:4)
  A worm (D:3)
  2 giant geckos
  14 orcs
  2 bats
  9 giant cockroaches
  7 goblins
  7 hobgoblins
  4 jackals
  2 kobolds
  A ball python (D:4)
  2 giant newts
  A goblin skeleton (D:4)
  A rat (D:2)
64 creatures vanquished.

Vanquished Creatures (collateral kills)
  An orc priest (D:4)
  An orc (D:3)
  A rat (D:4)
3 creatures vanquished.

Grand Total: 67 creatures vanquished

Notes
Turn   | Place    | Note
--------------------------------------------------------------
     0 | D:1      | M4edhros, the Octopode Artificer, began the quest for the Orb.
     0 | D:1      | Reached XP level 1. HP: 13/13 MP: 1/1
   218 | D:2      | Found a deep blue altar of Sif Muna.
   253 | D:2      | Reached XP level 2. HP: 2/18 MP: 3/3
   593 | D:2      | Reached skill level 4 in Evocations
   657 | D:2      | Found a shimmering altar of Xom.
   659 | D:2      | Found a bloodstained altar of Trog.
   663 | D:2      | Found a glowing silver altar of Zin.
   663 | D:2      | Found a deep blue altar of Sif Muna.
   663 | D:2      | Found an ancient bone altar of Kikubaaqudgha.
   663 | D:2      | Found a shadowy altar of Dithmenos.
   663 | D:2      | Found a shattered altar of Ashenzari.
   665 | D:2      | Reached XP level 3. HP: 23/23 MP: 5/5
  1025 | D:2      | Found a glowing golden altar of the Shining One.
  1351 | D:3      | Reached XP level 4. HP: 20/28 MP: 7/7
  1849 | D:4      | Noticed an ogre
  1861 | D:4      | Killed an ogre
  1861 | D:4      | Reached skill level 5 in Evocations
  1861 | D:4      | Reached XP level 5. HP: 33/33 MP: 9/9
  1940 | D:4      | Reached XP level 6. HP: 24/38 MP: 11/11
  2042 | D:4      | Reached skill level 6 in Evocations
  2422 | D:5      | Entered Level 5 of the Dungeon
  2440 | D:5      | Reached skill level 5 in Dodging
  2447 | D:5      | Demolished by an ogre

Action                   |  1- 3 |  4- 6 || total
-------------------------+-------+-------++-------
Melee: Short sword       |    65 |    76 ||   141
       Spear             |    12 |       ||    12
Evoke: Wand              |     4 |    15 ||    19
  Use: Potion            |     3 |     1 ||     4
 Stab: Sleeping          |     6 |       ||     6
  Eat: Chunk             |     1 |     4 ||     5
